Montreal Canadiens vs Toronto Maple Leafs

Created - Tuesday, February 24, 2026 at 07:49

Goals
1 2 3 T
Montreal Canadiens 2 1 0 3
Toronto Maple Leafs 0 1 0 1
Shots
1 2 3 T
Montreal Canadiens 15 14 11 40
Toronto Maple Leafs 12 11 9 32

1st period

1. Montreal Canadiens , Brad Marchand 14 (Matt Duchene 11, Macklin Celebrini 20) at 3:52 (PP)
2. Montreal Canadiens , Brad Marchand 15 (Matt Duchene 12, Macklin Celebrini 21) at 5:14 (PP)

Penalties :
Mario Ferraro (TOR) for High sticking (Minor) at 2:36, Aaron Ekblad (TOR) for Interference (Minor) at 4:05, Ryan Hartman (TOR) for Holding (Minor) at 15:07

2nd period

3. Montreal Canadiens , Macklin Celebrini 13 (Martin Necas 12) at 16:40
4. Toronto Maple Leafs , Quinton Byfield 13 (Sam Bennett 18) at 16:54

Penalties :
Josh Manson (MTL) for Roughing (Minor) at 15:36, Brady Tkachuk (TOR) for High sticking (Minor) at 15:52

3rd period

No Goal

Penalties :
Adam Fox (MTL) for Slashing (Minor) at 0:15

Goalie Stats

Lukas Dostal (MTL), 31 saves from 32 shots - (0.969), W, 8-3-1, 60:00 minutes
Frederik Andersen (TOR), 37 saves from 40 shots - (0.925), L, 9-5-2, 60:00 minutes

Players Stats for Montreal Canadiens

Player Name              G  A  P  +/- PIM S  H  SB GA TA FO     MP     PP MP  PK MP  
------------------------------------------------------------------------------------
Adam Fox                 0  0  0   1  2   3  0  0  0  0  0/0    16:34   2:10   0:00 
Arttu Hyry               0  0  0   0  0   1  0  0  1  0  0/0     9:02   0:00   0:00 
Brad Marchand            2  0  2  -1  0   7  2  1  0  0  0/3    18:08   2:27   1:03 
Brady Skjei              0  0  0  -1  0   0  1  1  0  0  0/0    27:04   2:30   1:17 
Damon Severson           0  0  0  -1  0   1  0  1  0  0  0/0    20:28   2:30   0:58 
Drew O'Connor            0  0  0   0  0   2  2  0  0  0  0/0    10:12   0:00   1:10 
Evgeni Dadonov           0  0  0   0  0   5  0  0  3  0  0/0    14:03   0:07   0:02 
Josh Manson              0  0  0   0  2   1  1  3  0  0  0/0    17:20   0:16   1:07 
Juraj Slafkovsky         0  0  0   0  0   2  1  0  0  1  0/0    15:52   1:57   0:00 
Justin Hryckowian        0  0  0   0  0   0  0  0  0  0  3/8     9:02   0:00   0:00 
Lane Hutson              0  0  0   1  0   1  1  0  0  1  0/0    18:23   2:10   0:00 
Macklin Celebrini        1  2  3   1  0   3  5  0  1  0  6/14   18:57   2:43   0:02 
Martin Necas             0  1  1   1  0   3  1  0  1  0  2/5    17:54   2:13   0:00 
Matt Duchene             0  2  2  -1  0   4  3  1  1  0  9/19   16:51   2:23   0:00 
Owen Power               0  0  0   0  0   0  4  1  0  2  0/0    21:05   0:00   1:08 
Patrik Laine             0  0  0   0  0   5  0  0  1  1  0/0    13:23   0:00   0:00 
Ryan Poehling            0  0  0   0  0   2  0  0  0  0  1/1    17:08   1:54   1:03 
Teddy Blueger            0  0  0   0  0   0  3  0  0  0  9/14   14:33   0:00   1:10 

Players Stats for Toronto Maple Leafs

Player Name              G  A  P  +/- PIM S  H  SB GA TA FO     MP     PP MP  PK MP  
------------------------------------------------------------------------------------
Aaron Ekblad             0  0  0  -1  2   1  1  0  0  4  0/0    22:05   1:17   1:20 
Bowen Byram              0  0  0  -1  0   2  3  1  0  0  0/0    21:58   1:17   1:25 
Brady Tkachuk            0  0  0   0  2   3  3  0  1  1  0/0    16:09   1:11   0:00 
Brandon Saad             0  0  0   0  0   5  0  0  1  0  0/0    13:41   0:02   0:00 
Cody Ceci                0  0  0   0  0   2  2  3  0  0  0/0    17:38   0:00   2:11 
Eric Robinson            0  0  0   0  0   2  1  0  0  0  0/1     9:15   0:00   0:00 
Mackie Samoskevich       0  0  0   0  0   3  1  0  0  0  0/0     9:15   0:00   0:00 
Mario Ferraro            0  0  0   1  2   0  2  2  1  1  0/0    20:22   0:00   2:13 
Nicolas Roy              0  0  0   0  0   0  1  0  1  0  6/9    11:54   0:00   2:19 
Quinton Byfield          1  0  1   1  0   5  0  0  0  0  2/3    15:05   1:01   0:00 
Ryan Hartman             0  0  0  -1  2   1  1  0  0  1  2/2    15:03   0:02   0:03 
Ryan Pulock              0  0  0   1  0   0  1  2  0  0  0/0    21:18   0:58   2:11 
Sam Bennett              0  1  1   1  0   2  1  0  0  0  7/13   15:05   1:01   0:00 
Sam Malinski             0  0  0   0  0   0  1  0  0  0  0/0    16:36   0:58   0:00 
Scott Laughton           0  0  0   0  0   1  1  0  0  1  7/14   15:51   0:00   2:18 
Troy Terry               0  0  0   0  0   0  0  0  0  0  0/0    15:50   1:12   0:00 
Warren Foegele           0  0  0   0  0   1  1  0  1  0  1/3    16:49   1:01   2:18 
Wyatt Johnston           0  0  0  -1  0   4  3  0  0  0  9/19   19:38   1:14   2:22 

3 Stars

1 - Macklin Celebrini (MTL)
2 - Lukas Dostal (MTL)
3 - Brad Marchand (MTL)

Power Play

Montreal Canadiens - 2 on 4 Attempt(s) - 50.00%
Toronto Maple Leafs - 0 on 2 Attempt(s) - 0.00%

Penalty Kill

Montreal Canadiens - 2 on 2 Attempt(s) - 100.00% - Score 0 goal in Penalty Kill
Toronto Maple Leafs - 2 on 4 Attempt(s) - 50.00% - Score 0 goal in Penalty Kill

Team Stat

Montreal Canadiens - Hits : 24 - Faceoff Wins : 30 - Blocked Shots : 8 - Penalty Minutes : 4
Toronto Maple Leafs - Hits : 23 - Faceoff Wins : 34 - Blocked Shots : 8 - Penalty Minutes : 8

Official

Referees : Francis Charron and Francois St Laurent
Linesman : Ryan Daisy and Tommy Hughes

Game Notes

7:24 of 2nd period - Penalty Shot by Drew O'Connor for Montreal Canadiens - Stopped by Frederik Andersen
12:44 of 3rd period - Penalty Shot by Brandon Saad for Toronto Maple Leafs - Stopped by Lukas Dostal

Finance

Level 1 -- Attendance: 5793 (96.55%) -- Ticket Income $544,542
Level 2 -- Attendance: 4811 (96.22%) -- Ticket Income $259,794
Level 3 -- Attendance: 2707 (90.23%) -- Ticket Income $89,331
Level 4 -- Attendance: 4963 (99.26%) -- Ticket Income $104,223
Luxury Box -- Attendance: 764 (76.40%) -- Ticket Income $147,452
Game was played at the Air Canada Centre.
Total Attendance: 19038 (95.19%)
Total Ticket Income: $1,145,342
Other Income: $400,870
Total Income: $1,546,212

Montreal Canadiens

5 vs 5 Forward 
   Center                   Left Wing                Right Wing               Time % Phy DF OF 
 1 Macklin Celebrini        Ryan Poehling            Martin Necas             30     0   1  4  
 2 Matt Duchene             Brad Marchand            Juraj Slafkovsky         30     0   1  4  
 3 Teddy Blueger            Patrik Laine             Evgeni Dadonov           25     0   2  3  
 4 Justin Hryckowian        Drew O'Connor            Arttu Hyry               15     0   4  1  

5 vs 5 Defense 
   Defense                  Defense                                           Time % Phy DF OF 
 1 Josh Manson              Lane Hutson                                       30     1   2  2  
 2 Brady Skjei              Damon Severson                                    30     1   2  2  
 3 Adam Fox                 Owen Power                                        25     1   2  2  
 4 Brady Skjei              Owen Power                                        15     1   3  1  

PowerPlay Forward 
   Center                   Left Wing                Right Wing               Time % Phy DF OF 
 1 Macklin Celebrini        Matt Duchene             Brad Marchand            50     0   0  5  
 2 Martin Necas             Ryan Poehling            Juraj Slafkovsky         50     0   0  5  

PowerPlay Defense
   Defense                  Defense                                           Time % Phy DF OF 
 1 Adam Fox                 Lane Hutson                                       50     0   0  5  
 2 Brady Skjei              Damon Severson                                    50     0   0  5  

Penalty Kill 4 Players Forward 
   Center                   Wing                     Time % Phy DF OF 
 1 Ryan Poehling            Brad Marchand            50     0   5  0  
 2 Teddy Blueger            Drew O'Connor            50     0   5  0  

Penalty Kill 4 Players Defense
   Defense                  Defense                  Time % Phy DF OF 
 1 Josh Manson              Brady Skjei              50     0   5  0  
 2 Owen Power               Damon Severson           50     0   5  0  

Penalty Kill - 3 Players Forward 
   Forward                                           Time % Phy DF OF 
 1 Teddy Blueger                                     50     0   5  0  
 2 Ryan Poehling                                     50     0   5  0  

Penalty Kill - 3 Players Defense
   Defense                  Defense                  Time % Phy DF OF 
 1 Josh Manson              Brady Skjei              50     0   5  0  
 2 Owen Power               Damon Severson           50     0   5  0  

4 vs 4 Forward 
   Center                   Wing                     Time % Phy DF OF 
 1 Macklin Celebrini        Martin Necas             50     1   2  2  
 2 Matt Duchene             Brad Marchand            50     1   2  2  

4 vs 4 Defense
   Defense                  Defense                  Time % Phy DF OF 
 1 Lane Hutson              Adam Fox                 50     1   2  2  
 2 Brady Skjei              Damon Severson           50     1   2  2  

Last Minutes Offensive
   Center                   Left Wing                Right Wing               Defense                  Defense                  
   Macklin Celebrini        Matt Duchene             Brad Marchand            Lane Hutson              Adam Fox                 

Last Minutes Defensive
   Center                   Left Wing                Right Wing               Defense                  Defense                  
   Teddy Blueger            Ryan Poehling            Drew O'Connor            Brady Skjei              Owen Power               

Goaltenders
Starting : Lukas Dostal             
Backup : Stuart Skinner           

Extra Forwards
Normal : Macklin Celebrini, Brad Marchand, Ryan Poehling - PP : Macklin Celebrini, Brad Marchand - PK : Macklin Celebrini
Extra Defensemen
Normal : Brady Skjei, Owen Power, Damon Severson - PP : Lane Hutson - PK : Brady Skjei, Owen Power
Penalty Shots
Brad Marchand, Teddy Blueger, Ryan Poehling, Macklin Celebrini, Arttu Hyry

Scratches
Pyotr Kochetkov (Healthy)

Toronto Maple Leafs

5 vs 5 Forward 
   Center                   Left Wing                Right Wing               Time % Phy DF OF 
 1 Wyatt Johnston           Brady Tkachuk            Troy Terry               30     1   2  2  
 2 Sam Bennett              Quinton Byfield          Warren Foegele           30     1   2  2  
 3 Scott Laughton           Brandon Saad             Ryan Hartman             25     1   2  2  
 4 Nicolas Roy              Eric Robinson            Mackie Samoskevich       15     1   3  1  

5 vs 5 Defense 
   Defense                  Defense                                           Time % Phy DF OF 
 1 Ryan Pulock              Mario Ferraro                                     35     1   2  2  
 2 Aaron Ekblad             Bowen Byram                                       35     1   2  2  
 3 Cody Ceci                Sam Malinski                                      30     1   2  2  
 4 Ryan Pulock              Mario Ferraro                                     0      1   2  2  

PowerPlay Forward 
   Center                   Left Wing                Right Wing               Time % Phy DF OF 
 1 Wyatt Johnston           Brady Tkachuk            Troy Terry               50     1   2  2  
 2 Sam Bennett              Quinton Byfield          Warren Foegele           50     1   2  2  

PowerPlay Defense
   Defense                  Defense                                           Time % Phy DF OF 
 1 Aaron Ekblad             Bowen Byram                                       50     1   2  2  
 2 Ryan Pulock              Sam Malinski                                      50     1   2  2  

Penalty Kill 4 Players Forward 
   Center                   Wing                     Time % Phy DF OF 
 1 Scott Laughton           Warren Foegele           50     1   2  2  
 2 Wyatt Johnston           Nicolas Roy              50     1   2  2  

Penalty Kill 4 Players Defense
   Defense                  Defense                  Time % Phy DF OF 
 1 Mario Ferraro            Aaron Ekblad             50     1   2  2  
 2 Ryan Pulock              Cody Ceci                50     1   2  2  

Penalty Kill - 3 Players Forward 
   Forward                                           Time % Phy DF OF 
 1 Scott Laughton                                    50     1   2  2  
 2 Wyatt Johnston                                    50     1   2  2  

Penalty Kill - 3 Players Defense
   Defense                  Defense                  Time % Phy DF OF 
 1 Mario Ferraro            Aaron Ekblad             50     1   2  2  
 2 Ryan Pulock              Cody Ceci                50     1   2  2  

4 vs 4 Forward 
   Center                   Wing                     Time % Phy DF OF 
 1 Wyatt Johnston           Brady Tkachuk            50     1   2  2  
 2 Sam Bennett              Quinton Byfield          50     1   2  2  

4 vs 4 Defense
   Defense                  Defense                  Time % Phy DF OF 
 1 Aaron Ekblad             Bowen Byram              50     1   2  2  
 2 Ryan Pulock              Mario Ferraro            50     1   2  2  

Last Minutes Offensive
   Center                   Left Wing                Right Wing               Defense                  Defense                  
   Wyatt Johnston           Brady Tkachuk            Troy Terry               Aaron Ekblad             Bowen Byram              

Last Minutes Defensive
   Center                   Left Wing                Right Wing               Defense                  Defense                  
   Wyatt Johnston           Scott Laughton           Warren Foegele           Ryan Pulock              Mario Ferraro            

Goaltenders
Starting : Frederik Andersen        
Backup : Matt Murray              

Extra Forwards
Normal : Ryan Hartman, Eric Robinson, Mackie Samoskevich - PP : Brandon Saad, Ryan Hartman - PK : Sam Bennett
Extra Defensemen
Normal : Sam Malinski, Cody Ceci, Bowen Byram - PP : Mario Ferraro - PK : Bowen Byram, Sam Malinski
Penalty Shots
Troy Terry, Quinton Byfield, Wyatt Johnston, Nicolas Roy, Brady Tkachuk

Scratches
Nick Bjugstad (Healthy), Brendan Brisson (Healthy), Lucas Carlsson (Healthy), Lassi Thomson (Healthy), Joonas Korpisalo (Healthy)

% Time on Ice - Montreal Canadiens

Lines # - Real PCT - Wanted PCT - Time Play
Normal Forward
1 - 29% - 30% - 14:41
2 - 28% - 30% - 14:16
3 - 26% - 25% - 13:23
4 - 18% - 15% - 9:02
Normal Defense
1 - 31% - 30% - 16:09
2 - 31% - 30% - 16:03
3 - 25% - 25% - 12:46
4 - 12% - 15% - 6:24
PP Forward
1 - 58% - 50% - 2:43
2 - 42% - 50% - 1:57
PP Defense
1 - 46% - 50% - 2:10
2 - 54% - 50% - 2:30
PK Forward
1 - 47% - 50% - 1:03
2 - 53% - 50% - 1:12
PK Defense
1 - 57% - 50% - 1:17
2 - 43% - 50% - 0:58
PK3 Forward
1 - 0% - 50%
2 - 0% - 50%
PK3 Defense
1 - 0% - 50%
2 - 0% - 50%
44 Forward
1 - 68% - 50% - 1:10
2 - 32% - 50% - 0:33
44 Defense
1 - 47% - 50% - 0:48
2 - 53% - 50% - 0:55
Last Minute Offensive  - 0:00
Last Minute Defensive  - 0:00
Total
Forward - 60:00
Defense - 60:00

% Time on Ice - Toronto Maple Leafs

Lines # - Real PCT - Wanted PCT - Time Play
Normal Forward
1 - 29% - 30% - 14:44
2 - 27% - 30% - 13:50
3 - 26% - 25% - 13:33
4 - 18% - 15% - 9:15
Normal Defense
1 - 35% - 35% - 17:50
2 - 35% - 35% - 18:05
3 - 30% - 30% - 15:27
4 - 0% - 0% - 0:00
PP Forward
1 - 55% - 50% - 1:14
2 - 45% - 50% - 1:01
PP Defense
1 - 57% - 50% - 1:17
2 - 43% - 50% - 0:58
PK Forward
1 - 50% - 50% - 2:21
2 - 50% - 50% - 2:19
PK Defense
1 - 53% - 50% - 2:29
2 - 47% - 50% - 2:11
PK3 Forward
1 - 0% - 50%
2 - 0% - 50%
PK3 Defense
1 - 0% - 50%
2 - 0% - 50%
44 Forward
1 - 67% - 50% - 1:09
2 - 33% - 50% - 0:34
44 Defense
1 - 60% - 50% - 1:02
2 - 40% - 50% - 0:41
Last Minute Offensive  - 0:00
Last Minute Defensive  - 0:00
Total
Forward - 60:00
Defense - 60:00

Play-by-Play

1st period


0:01 of 1st period - Wyatt Johnston wins face-off versus Macklin Celebrini in neutral zone.
0:14 of 1st period - Wrist shot by Brady Tkachuk.
0:14 of 1st period - Shot Blocked by Josh Manson.
0:37 of 1st period - Slapshot by Quinton Byfield.
0:37 of 1st period - Stopped by Lukas Dostal with a rebound.
0:39 of 1st period - Slapshot by Aaron Ekblad.
0:39 of 1st period - Shot Blocked by Josh Manson.
0:49 of 1st period - Scott Laughton is hit by Josh Manson and loses puck.
0:56 of 1st period - Slapshot by Aaron Ekblad.
0:56 of 1st period - Deflect By Brandon Saad.
0:56 of 1st period - Stopped by Lukas Dostal without a rebound.
0:57 of 1st period - Justin Hryckowian wins face-off versus Eric Robinson in Montreal Canadiens zone.
1:03 of 1st period - Off-side.
1:04 of 1st period - Nicolas Roy wins face-off versus Justin Hryckowian in neutral zone.
1:09 of 1st period - Snap shot by Mackie Samoskevich.
1:09 of 1st period - Stopped by Lukas Dostal with a rebound.
1:19 of 1st period - Snap shot by Mackie Samoskevich.
1:19 of 1st period - Stopped by Lukas Dostal with a rebound.
1:29 of 1st period - Snap shot by Brandon Saad.
1:29 of 1st period - Stopped by Lukas Dostal without a rebound.
1:30 of 1st period - Matt Duchene wins face-off versus Scott Laughton in Montreal Canadiens zone.
1:30 of 1st period - Matt Duchene is hit by Scott Laughton.
1:35 of 1st period - Off-side.
1:36 of 1st period - Sam Bennett wins face-off versus Macklin Celebrini in neutral zone.
1:43 of 1st period - Snap shot by Quinton Byfield.
1:43 of 1st period - Stopped by Lukas Dostal without a rebound.
1:44 of 1st period - Sam Bennett wins face-off versus Macklin Celebrini in Montreal Canadiens zone.
2:36 of 1st period - Minor Penalty to Mario Ferraro for High sticking.
2:37 of 1st period - Warren Foegele wins face-off versus Brad Marchand in Toronto Maple Leafs zone.
2:44 of 1st period - Off-side.
2:45 of 1st period - Wyatt Johnston wins face-off versus Macklin Celebrini in neutral zone.
2:50 of 1st period - Brad Marchand is hit by Nicolas Roy and loses puck.
2:57 of 1st period - Cody Ceci is hit by Macklin Celebrini.
3:03 of 1st period - Lane Hutson is hit by Cody Ceci and loses puck.
3:18 of 1st period - Wrist shot by Matt Duchene.
3:18 of 1st period - Stopped by Frederik Andersen with a rebound.
3:24 of 1st period - Snap shot by Brad Marchand.
3:24 of 1st period - Stopped by Frederik Andersen with a rebound.
3:26 of 1st period - Snap shot by Matt Duchene.
3:26 of 1st period - Stopped by Frederik Andersen with a rebound.
3:34 of 1st period - Snap shot by Macklin Celebrini.
3:34 of 1st period - Shot Blocked by Cody Ceci.
3:52 of 1st period - Snap shot by Brad Marchand.
3:52 of 1st period - Goal by Brad Marchand - Montreal Canadiens : 1 - Toronto Maple Leafs : 0.
3:53 of 1st period - Scott Laughton wins face-off versus Justin Hryckowian in neutral zone.
3:58 of 1st period - Wrist shot by Scott Laughton.
3:58 of 1st period - Deflect By Brandon Saad.
3:58 of 1st period - Stopped by Lukas Dostal with a rebound.
4:05 of 1st period - Minor Penalty to Aaron Ekblad for Interference.
4:06 of 1st period - Martin Necas wins face-off versus Scott Laughton in Toronto Maple Leafs zone.
4:22 of 1st period - Snap shot by Martin Necas.
4:22 of 1st period - Stopped by Frederik Andersen without a rebound.
4:23 of 1st period - Scott Laughton wins face-off versus Martin Necas in Toronto Maple Leafs zone.
4:31 of 1st period - Off-side.
4:32 of 1st period - Scott Laughton wins face-off versus Martin Necas in neutral zone.
4:42 of 1st period - Off-side.
4:43 of 1st period - Scott Laughton wins face-off versus Martin Necas in neutral zone.
5:14 of 1st period - Snap shot by Brad Marchand.
5:14 of 1st period - Goal by Brad Marchand - Montreal Canadiens : 2 - Toronto Maple Leafs : 0.
5:15 of 1st period - Matt Duchene wins face-off versus Wyatt Johnston in neutral zone.
5:22 of 1st period - Wrist shot by Matt Duchene.
5:22 of 1st period - Stopped by Frederik Andersen without a rebound.
5:23 of 1st period - Wyatt Johnston wins face-off versus Matt Duchene in Toronto Maple Leafs zone.
5:56 of 1st period - Brady Skjei is hit by Wyatt Johnston.
6:20 of 1st period - Slapshot by Brady Tkachuk.
6:20 of 1st period - Stopped by Lukas Dostal with a rebound.
6:32 of 1st period - Snap shot by Juraj Slafkovsky.
6:32 of 1st period - Shot Misses the Net.
6:34 of 1st period - Snap shot by Brad Marchand.
6:34 of 1st period - Shot Misses the Net.
6:36 of 1st period - Slapshot by Brady Skjei.
6:36 of 1st period - Shot Hit the Post.
6:38 of 1st period - Snap shot by Brad Marchand.
6:38 of 1st period - Stopped by Frederik Andersen without a rebound.
6:39 of 1st period - Quinton Byfield wins face-off versus Macklin Celebrini in Toronto Maple Leafs zone.
6:39 of 1st period - Quinton Byfield is hit by Lane Hutson.
6:47 of 1st period - Snap shot by Sam Bennett.
6:47 of 1st period - Stopped by Lukas Dostal with a rebound.
7:11 of 1st period - Wrist shot by Evgeni Dadonov.
7:11 of 1st period - Shot Misses the Net.
7:13 of 1st period - Slapshot by Adam Fox.
7:13 of 1st period - Stopped by Frederik Andersen without a rebound.
7:14 of 1st period - Teddy Blueger wins face-off versus Scott Laughton in Toronto Maple Leafs zone.
7:19 of 1st period - Slapshot by Patrik Laine.
7:19 of 1st period - Shot Misses the Net.
7:43 of 1st period - Snap shot by Macklin Celebrini.
7:43 of 1st period - Deflect By Ryan Poehling.
7:43 of 1st period - Stopped by Frederik Andersen with a rebound.
7:45 of 1st period - Slapshot by Adam Fox.
7:45 of 1st period - Stopped by Frederik Andersen without a rebound.
7:46 of 1st period - Macklin Celebrini wins face-off versus Sam Bennett in Toronto Maple Leafs zone.
7:47 of 1st period - Snap shot by Martin Necas.
7:47 of 1st period - Stopped by Frederik Andersen with a rebound.
8:05 of 1st period - Ryan Poehling is hit by Mario Ferraro and loses puck.
9:02 of 1st period - Wyatt Johnston is hit by Matt Duchene and loses puck.
10:07 of 1st period - Wrist shot by Evgeni Dadonov.
10:07 of 1st period - Shot Misses the Net.
10:09 of 1st period - Wrist shot by Evgeni Dadonov.
10:09 of 1st period - Stopped by Frederik Andersen with a rebound.
10:58 of 1st period - Sam Bennett is hit by Juraj Slafkovsky and loses puck.
11:48 of 1st period - Wyatt Johnston is hit by Macklin Celebrini and loses puck.
12:05 of 1st period - Off-side.
12:06 of 1st period - Scott Laughton wins face-off versus Brad Marchand in neutral zone.
12:11 of 1st period - Wrist shot by Brandon Saad.
12:11 of 1st period - Shot Blocked by Josh Manson.
12:58 of 1st period - Lane Hutson is hit by Sam Bennett and loses puck.
13:19 of 1st period - Brady Skjei is hit by Sam Malinski and loses puck.
14:39 of 1st period - Snap shot by Arttu Hyry.
14:39 of 1st period - Deflect By Troy Terry.
14:39 of 1st period - Shot Misses the Net.
14:39 of 1st period - Puck is out of play.
14:40 of 1st period - Macklin Celebrini wins face-off versus Wyatt Johnston in Toronto Maple Leafs zone.
14:41 of 1st period - Snap shot by Martin Necas.
14:41 of 1st period - Stopped by Frederik Andersen with a rebound.
14:43 of 1st period - Slapshot by Brady Skjei.
14:43 of 1st period - Shot Misses the Net.
14:45 of 1st period - Snap shot by Ryan Poehling.
14:45 of 1st period - Stopped by Frederik Andersen without a rebound.
14:46 of 1st period - Macklin Celebrini wins face-off versus Scott Laughton in Toronto Maple Leafs zone.
15:07 of 1st period - Minor Penalty to Ryan Hartman for Holding.
15:08 of 1st period - Martin Necas wins face-off versus Warren Foegele in Toronto Maple Leafs zone.
15:15 of 1st period - Snap shot by Juraj Slafkovsky.
15:15 of 1st period - Shot Misses the Net.
15:35 of 1st period - Matt Duchene is hit by Warren Foegele and loses puck.
17:07 of 1st period - Penalty to Ryan Hartman is over, Ryan Hartman is back on ice.
17:45 of 1st period - Eric Robinson is hit by Owen Power and loses puck.
18:10 of 1st period - Wrist shot by Brady Tkachuk.
18:10 of 1st period - Stopped by Lukas Dostal with a rebound.
18:12 of 1st period - Slapshot by Cody Ceci.
18:12 of 1st period - Stopped by Lukas Dostal without a rebound.
18:13 of 1st period - Wyatt Johnston wins face-off versus Macklin Celebrini in Montreal Canadiens zone.
18:22 of 1st period - Slapshot by Wyatt Johnston.
18:22 of 1st period - Stopped by Lukas Dostal with a rebound.
18:25 of 1st period - Icing by Damon Severson.
18:26 of 1st period - Macklin Celebrini wins face-off versus Scott Laughton in Montreal Canadiens zone.
Goals for this period are 2 for Montreal Canadiens vs 0 for Toronto Maple Leafs.
Shots for this period are 15 for Montreal Canadiens vs 12 for Toronto Maple Leafs.

2nd period


0:01 of 2nd period - Matt Duchene wins face-off versus Quinton Byfield in neutral zone.
0:26 of 2nd period - Owen Power is hit by Bowen Byram and loses puck.
1:17 of 2nd period - Wrist shot by Ryan Hartman.
1:17 of 2nd period - Shot Misses the Net.
2:21 of 2nd period - Slapshot by Wyatt Johnston.
2:21 of 2nd period - Shot Blocked by Owen Power.
2:23 of 2nd period - Slapshot by Cody Ceci.
2:23 of 2nd period - Deflect By Brady Tkachuk.
2:23 of 2nd period - Shot Misses the Net.
2:23 of 2nd period - Puck is out of play.
2:24 of 2nd period - Nicolas Roy wins face-off versus Matt Duchene in Montreal Canadiens zone.
3:15 of 2nd period - Off-side.
3:16 of 2nd period - Scott Laughton wins face-off versus Macklin Celebrini in neutral zone.
3:25 of 2nd period - Ryan Poehling is hit by Ryan Hartman and loses puck.
4:00 of 2nd period - Mario Ferraro is hit by Macklin Celebrini and loses puck.
4:39 of 2nd period - Slapshot by Macklin Celebrini.
4:39 of 2nd period - Stopped by Frederik Andersen with a rebound.
4:41 of 2nd period - Slapshot by Brady Skjei.
4:41 of 2nd period - Shot Blocked by Mario Ferraro.
5:02 of 2nd period - Snap shot by Macklin Celebrini.
5:02 of 2nd period - Shot Blocked by Ryan Pulock.
6:07 of 2nd period - Backhand shot by Brandon Saad.
6:07 of 2nd period - Shot Blocked by Damon Severson.
6:30 of 2nd period - Off-side.
6:31 of 2nd period - Matt Duchene wins face-off versus Sam Bennett in neutral zone.
6:58 of 2nd period - Evgeni Dadonov is hit by Brady Tkachuk and loses puck.
7:09 of 2nd period - Snap shot by Wyatt Johnston.
7:09 of 2nd period - Stopped by Lukas Dostal with a rebound.
7:24 of 2nd period - Penalty Shot by Drew O'Connor for Montreal Canadiens.
7:24 of 2nd period - Wrist shot by Drew O'Connor.
7:24 of 2nd period - Stopped by Frederik Andersen.
7:25 of 2nd period - Quinton Byfield wins face-off versus Matt Duchene in Montreal Canadiens zone.
7:26 of 2nd period - Snap shot by Sam Bennett.
7:26 of 2nd period - Deflect By Warren Foegele.
7:26 of 2nd period - Stopped by Lukas Dostal with a rebound.
7:28 of 2nd period - Snap shot by Bowen Byram.
7:28 of 2nd period - Shot Misses the Net.
7:30 of 2nd period - Slapshot by Bowen Byram.
7:30 of 2nd period - Stopped by Lukas Dostal with a rebound.
7:32 of 2nd period - Wrist shot by Sam Bennett.
7:32 of 2nd period - Shot Misses the Net.
7:34 of 2nd period - Snap shot by Sam Bennett.
7:34 of 2nd period - Shot Blocked by Brad Marchand.
7:36 of 2nd period - Snap shot by Sam Bennett.
7:36 of 2nd period - Shot Hit the Post.
7:38 of 2nd period - Slapshot by Aaron Ekblad.
7:38 of 2nd period - Deflect By Quinton Byfield.
7:38 of 2nd period - Shot Misses the Net.
7:38 of 2nd period - Puck is out of play.
7:39 of 2nd period - Matt Duchene wins face-off versus Wyatt Johnston in Montreal Canadiens zone.
7:39 of 2nd period - Matt Duchene is hit by Wyatt Johnston.
7:47 of 2nd period - Slapshot by Matt Duchene.
7:47 of 2nd period - Deflect By Juraj Slafkovsky.
7:47 of 2nd period - Stopped by Frederik Andersen with a rebound.
7:49 of 2nd period - Wrist shot by Juraj Slafkovsky.
7:49 of 2nd period - Shot Blocked by Cody Ceci.
8:05 of 2nd period - Sam Malinski is hit by Teddy Blueger and loses puck.
9:23 of 2nd period - Wrist shot by Patrik Laine.
9:23 of 2nd period - Stopped by Frederik Andersen with a rebound.
9:30 of 2nd period - Icing by Nicolas Roy.
9:31 of 2nd period - Justin Hryckowian wins face-off versus Nicolas Roy in Toronto Maple Leafs zone.
9:38 of 2nd period - Snap shot by Arttu Hyry.
9:38 of 2nd period - Stopped by Frederik Andersen without a rebound.
9:39 of 2nd period - Wyatt Johnston wins face-off versus Justin Hryckowian in Toronto Maple Leafs zone.
10:36 of 2nd period - Wrist shot by Patrik Laine.
10:36 of 2nd period - Shot Misses the Net.
10:38 of 2nd period - Snap shot by Teddy Blueger.
10:38 of 2nd period - Shot Misses the Net.
10:40 of 2nd period - Wrist shot by Josh Manson.
10:40 of 2nd period - Stopped by Frederik Andersen without a rebound.
10:41 of 2nd period - Wyatt Johnston wins face-off versus Justin Hryckowian in Toronto Maple Leafs zone.
10:57 of 2nd period - Aaron Ekblad is hit by Brady Skjei and loses puck.
11:40 of 2nd period - Backhand shot by Brandon Saad.
11:40 of 2nd period - Deflect By Brady Skjei.
11:40 of 2nd period - Stopped by Lukas Dostal without a rebound.
11:41 of 2nd period - Matt Duchene wins face-off versus Wyatt Johnston in Montreal Canadiens zone.
11:50 of 2nd period - Wrist shot by Juraj Slafkovsky.
11:50 of 2nd period - Stopped by Frederik Andersen without a rebound.
11:51 of 2nd period - Matt Duchene wins face-off versus Wyatt Johnston in Toronto Maple Leafs zone.
12:14 of 2nd period - Wrist shot by Brad Marchand.
12:14 of 2nd period - Stopped by Frederik Andersen with a rebound.
12:26 of 2nd period - Snap shot by Brad Marchand.
12:26 of 2nd period - Stopped by Frederik Andersen with a rebound.
12:28 of 2nd period - Snap shot by Brad Marchand.
12:28 of 2nd period - Shot Blocked by Mario Ferraro.
12:30 of 2nd period - Slapshot by Lane Hutson.
12:30 of 2nd period - Stopped by Frederik Andersen without a rebound.
12:31 of 2nd period - Teddy Blueger wins face-off versus Sam Bennett in Toronto Maple Leafs zone.
13:02 of 2nd period - Off-side.
13:03 of 2nd period - Wyatt Johnston wins face-off versus Justin Hryckowian in neutral zone.
13:32 of 2nd period - Nicolas Roy is hit by Brad Marchand and loses puck.
13:39 of 2nd period - Snap shot by Matt Duchene.
13:39 of 2nd period - Stopped by Frederik Andersen without a rebound.
13:40 of 2nd period - Sam Bennett wins face-off versus Matt Duchene in Toronto Maple Leafs zone.
14:16 of 2nd period - Patrik Laine is hit by Brady Tkachuk and loses puck.
14:23 of 2nd period - Evgeni Dadonov is hit by Aaron Ekblad.
14:37 of 2nd period - Wrist shot by Macklin Celebrini.
14:37 of 2nd period - Stopped by Frederik Andersen with a rebound.
15:36 of 2nd period - Minor Penalty to Josh Manson for Roughing.
15:37 of 2nd period - Wyatt Johnston wins face-off versus Brad Marchand in Montreal Canadiens zone.
15:52 of 2nd period - Minor Penalty to Brady Tkachuk for High sticking.
15:53 of 2nd period - Ryan Hartman wins face-off versus Macklin Celebrini in Toronto Maple Leafs zone.
16:01 of 2nd period - Snap shot by Wyatt Johnston.
16:01 of 2nd period - Stopped by Lukas Dostal without a rebound.
16:02 of 2nd period - Macklin Celebrini wins face-off versus Wyatt Johnston in Montreal Canadiens zone.
16:13 of 2nd period - Snap shot by Martin Necas.
16:13 of 2nd period - Shot Blocked by Bowen Byram.
16:40 of 2nd period - Snap shot by Macklin Celebrini.
16:40 of 2nd period - Goal by Macklin Celebrini - Montreal Canadiens : 3 - Toronto Maple Leafs : 0.
16:41 of 2nd period - Sam Bennett wins face-off versus Matt Duchene in neutral zone.
16:52 of 2nd period - Snap shot by Sam Bennett.
16:52 of 2nd period - Shot Blocked by Brady Skjei.
16:54 of 2nd period - Snap shot by Quinton Byfield.
16:54 of 2nd period - Deflect By Brad Marchand.
16:54 of 2nd period - Goal by Quinton Byfield - Montreal Canadiens : 3 - Toronto Maple Leafs : 1.
16:55 of 2nd period - Sam Bennett wins face-off versus Matt Duchene in neutral zone.
17:00 of 2nd period - Slapshot by Quinton Byfield.
17:00 of 2nd period - Stopped by Lukas Dostal with a rebound.
17:20 of 2nd period - Macklin Celebrini is hit by Ryan Pulock and loses puck.
17:34 of 2nd period - Macklin Celebrini is hit by Wyatt Johnston and loses puck.
17:36 of 2nd period - Penalty to Josh Manson is over, Josh Manson is back on ice.
17:52 of 2nd period - Penalty to Brady Tkachuk is over, Brady Tkachuk is back on ice.
18:11 of 2nd period - Wrist shot by Brady Tkachuk.
18:11 of 2nd period - Stopped by Lukas Dostal without a rebound.
18:12 of 2nd period - Sam Bennett wins face-off versus Matt Duchene in Montreal Canadiens zone.
18:15 of 2nd period - Snap shot by Quinton Byfield.
18:15 of 2nd period - Stopped by Lukas Dostal with a rebound.
18:22 of 2nd period - Icing by Owen Power.
18:23 of 2nd period - Matt Duchene wins face-off versus Warren Foegele in Montreal Canadiens zone.
18:48 of 2nd period - Snap shot by Brad Marchand.
18:48 of 2nd period - Stopped by Frederik Andersen with a rebound.
18:50 of 2nd period - Snap shot by Adam Fox.
18:50 of 2nd period - Stopped by Frederik Andersen without a rebound.
18:51 of 2nd period - Teddy Blueger wins face-off versus Wyatt Johnston in Toronto Maple Leafs zone.
19:02 of 2nd period - Slapshot by Aaron Ekblad.
19:02 of 2nd period - Stopped by Lukas Dostal without a rebound.
19:03 of 2nd period - Teddy Blueger wins face-off versus Wyatt Johnston in Montreal Canadiens zone.
19:16 of 2nd period - Wrist shot by Brady Tkachuk.
19:16 of 2nd period - Shot Misses the Net.
19:30 of 2nd period - Sam Bennett is hit by Martin Necas.
19:38 of 2nd period - Snap shot by Sam Bennett.
19:38 of 2nd period - Stopped by Lukas Dostal with a rebound.
19:40 of 2nd period - Slapshot by Quinton Byfield.
19:40 of 2nd period - Shot Misses the Net.
19:56 of 2nd period - Wrist shot by Matt Duchene.
19:56 of 2nd period - Shot Misses the Net.
19:58 of 2nd period - Slapshot by Owen Power.
19:58 of 2nd period - Shot Misses the Net.
Goals for this period are 1 for Montreal Canadiens vs 1 for Toronto Maple Leafs.
Shots for this period are 14 for Montreal Canadiens vs 11 for Toronto Maple Leafs.

3rd period


0:01 of 3rd period - Teddy Blueger wins face-off versus Wyatt Johnston in neutral zone.
0:15 of 3rd period - Minor Penalty to Adam Fox for Slashing.
0:16 of 3rd period - Ryan Poehling wins face-off versus Sam Bennett in Montreal Canadiens zone.
2:15 of 3rd period - Penalty to Adam Fox is over, Adam Fox is back on ice.
2:25 of 3rd period - Evgeni Dadonov is hit by Mackie Samoskevich.
2:35 of 3rd period - Snap shot by Eric Robinson.
2:35 of 3rd period - Stopped by Lukas Dostal without a rebound.
2:36 of 3rd period - Ryan Hartman wins face-off versus Matt Duchene in Montreal Canadiens zone.
2:47 of 3rd period - Wrist shot by Brandon Saad.
2:47 of 3rd period - Stopped by Lukas Dostal with a rebound.
3:01 of 3rd period - Ryan Pulock is hit by Owen Power and loses puck.
3:25 of 3rd period - Quinton Byfield is hit by Macklin Celebrini and loses puck.
3:40 of 3rd period - Snap shot by Quinton Byfield.
3:40 of 3rd period - Shot Misses the Net.
3:50 of 3rd period - Brady Tkachuk is hit by Drew O'Connor and loses puck.
4:01 of 3rd period - Cody Ceci is hit by Teddy Blueger and loses puck.
4:24 of 3rd period - Sam Malinski is hit by Matt Duchene and loses puck.
4:51 of 3rd period - Martin Necas is hit by Bowen Byram and loses puck.
5:17 of 3rd period - Icing by Mackie Samoskevich.
5:18 of 3rd period - Nicolas Roy wins face-off versus Teddy Blueger in Toronto Maple Leafs zone.
5:20 of 3rd period - Icing by Mackie Samoskevich.
5:21 of 3rd period - Nicolas Roy wins face-off versus Teddy Blueger in Toronto Maple Leafs zone.
5:26 of 3rd period - Snap shot by Eric Robinson.
5:26 of 3rd period - Stopped by Lukas Dostal without a rebound.
5:27 of 3rd period - Sam Bennett wins face-off versus Teddy Blueger in Montreal Canadiens zone.
6:24 of 3rd period - Wrist shot by Scott Laughton.
6:24 of 3rd period - Shot Misses the Net.
7:10 of 3rd period - Matt Duchene is hit by Cody Ceci and loses puck.
7:52 of 3rd period - Snap shot by Scott Laughton.
7:52 of 3rd period - Stopped by Lukas Dostal with a rebound.
7:54 of 3rd period - Slapshot by Cody Ceci.
7:54 of 3rd period - Stopped by Lukas Dostal without a rebound.
7:55 of 3rd period - Matt Duchene wins face-off versus Sam Bennett in Montreal Canadiens zone.
7:55 of 3rd period - Matt Duchene is hit by Bowen Byram.
8:21 of 3rd period - Evgeni Dadonov is hit by Brady Tkachuk and loses puck.
8:48 of 3rd period - Brandon Saad is hit by Owen Power and loses puck.
8:53 of 3rd period - Wrist shot by Martin Necas.
8:53 of 3rd period - Shot Misses the Net.
8:55 of 3rd period - Wrist shot by Owen Power.
8:55 of 3rd period - Shot Misses the Net.
9:41 of 3rd period - Snap shot by Matt Duchene.
9:41 of 3rd period - Shot Blocked by Cody Ceci.
10:15 of 3rd period - Cody Ceci is hit by Macklin Celebrini and loses puck.
10:34 of 3rd period - Cody Ceci is hit by Drew O'Connor and loses puck.
11:38 of 3rd period - Snap shot by Evgeni Dadonov.
11:38 of 3rd period - Stopped by Frederik Andersen without a rebound.
11:39 of 3rd period - Macklin Celebrini wins face-off versus Nicolas Roy in Toronto Maple Leafs zone.
12:04 of 3rd period - Sam Bennett is hit by Brad Marchand and loses puck.
12:44 of 3rd period - Penalty Shot by Brandon Saad for Toronto Maple Leafs.
12:44 of 3rd period - Backhand shot by Brandon Saad.
12:44 of 3rd period - Stopped by Lukas Dostal.
12:45 of 3rd period - Wyatt Johnston wins face-off versus Matt Duchene in Toronto Maple Leafs zone.
13:35 of 3rd period - Scott Laughton is hit by Owen Power and loses puck.
14:02 of 3rd period - Snap shot by Drew O'Connor.
14:02 of 3rd period - Stopped by Frederik Andersen with a rebound.
14:04 of 3rd period - Wrist shot by Drew O'Connor.
14:04 of 3rd period - Stopped by Frederik Andersen with a rebound.
14:13 of 3rd period - Icing by Nicolas Roy.
14:14 of 3rd period - Nicolas Roy wins face-off versus Matt Duchene in Toronto Maple Leafs zone.
14:29 of 3rd period - Snap shot by Eric Robinson.
14:29 of 3rd period - Shot Blocked by Matt Duchene.
14:31 of 3rd period - Wrist shot by Mackie Samoskevich.
14:31 of 3rd period - Stopped by Lukas Dostal without a rebound.
14:32 of 3rd period - Teddy Blueger wins face-off versus Sam Bennett in Montreal Canadiens zone.
14:47 of 3rd period - Wrist shot by Sam Bennett.
14:47 of 3rd period - Shot Misses the Net.
15:20 of 3rd period - Wrist shot by Ryan Hartman.
15:20 of 3rd period - Shot Misses the Net.
15:27 of 3rd period - Off-side.
15:28 of 3rd period - Teddy Blueger wins face-off versus Scott Laughton in neutral zone.
15:31 of 3rd period - Wrist shot by Evgeni Dadonov.
15:31 of 3rd period - Stopped by Frederik Andersen with a rebound.
17:45 of 3rd period - Justin Hryckowian is hit by Eric Robinson and loses puck.
18:00 of 3rd period - Warren Foegele is hit by Matt Duchene and loses puck.
18:26 of 3rd period - Snap shot by Ryan Hartman.
18:26 of 3rd period - Stopped by Lukas Dostal without a rebound.
18:27 of 3rd period - Teddy Blueger wins face-off versus Nicolas Roy in Montreal Canadiens zone.
18:27 of 3rd period - Teddy Blueger is hit by Mario Ferraro.
18:37 of 3rd period - Wrist shot by Patrik Laine.
18:37 of 3rd period - Stopped by Frederik Andersen without a rebound.
18:38 of 3rd period - Scott Laughton wins face-off versus Teddy Blueger in Toronto Maple Leafs zone.
18:38 of 3rd period - Scott Laughton is hit by Teddy Blueger.
18:44 of 3rd period - Wrist shot by Patrik Laine.
18:44 of 3rd period - Stopped by Frederik Andersen without a rebound.
18:45 of 3rd period - Teddy Blueger wins face-off versus Scott Laughton in Toronto Maple Leafs zone.
18:48 of 3rd period - Wrist shot by Evgeni Dadonov.
18:48 of 3rd period - Stopped by Frederik Andersen with a rebound.
18:50 of 3rd period - Slapshot by Damon Severson.
18:50 of 3rd period - Shot Misses the Net.
18:54 of 3rd period - Snap shot by Evgeni Dadonov.
18:54 of 3rd period - Stopped by Frederik Andersen with a rebound.
18:56 of 3rd period - Wrist shot by Brady Skjei.
18:56 of 3rd period - Shot Blocked by Ryan Pulock.
18:58 of 3rd period - Slapshot by Damon Severson.
18:58 of 3rd period - Deflect By Ryan Hartman.
18:58 of 3rd period - Stopped by Frederik Andersen without a rebound.
18:59 of 3rd period - Nicolas Roy wins face-off versus Teddy Blueger in Toronto Maple Leafs zone.
19:04 of 3rd period - Snap shot by Bowen Byram.
19:04 of 3rd period - Stopped by Lukas Dostal with a rebound.
19:24 of 3rd period - Slapshot by Troy Terry.
19:24 of 3rd period - Deflect By Wyatt Johnston.
19:24 of 3rd period - Stopped by Lukas Dostal with a rebound.
19:56 of 3rd period - Snap shot by Patrik Laine.
19:56 of 3rd period - Stopped by Frederik Andersen with a rebound.
19:58 of 3rd period - Wrist shot by Evgeni Dadonov.
19:58 of 3rd period - Deflect By Patrik Laine.
19:58 of 3rd period - Stopped by Frederik Andersen without a rebound.
19:59 of 3rd period - Justin Hryckowian wins face-off versus Wyatt Johnston in Toronto Maple Leafs zone.
Goals for this period are 0 for Montreal Canadiens vs 0 for Toronto Maple Leafs.
Shots for this period are 11 for Montreal Canadiens vs 9 for Toronto Maple Leafs.